 Dungeon Crawl Stone Soup version 0.30-a0-118-ga018f8e90f (webtiles) character file.

Game seed: 5486366046830408973

1554 SunsangGolaxy the Chopper (level 8, 0/81 HPs)
             Began as an Ogre Gladiator on Sept 13, 2022.
             Slain by a gnoll sergeant
             ... wielding a +1 trident of protection
              (6 damage)
             ... on level 7 of the Dungeon.
             The game lasted 00:11:07 (6731 turns).

SunsangGolaxy the Chopper (Ogre Gladiator)          Turns: 6731, Time: 00:11:07

Health: 0/81       AC:  8    Str: 27    XL:     8   Next: 88%
Magic:  10/10      EV: 11    Int:  9    God:
Gold:   204        SH:  0    Dex: 10    Spells: 4/10 levels left

rFire   . . .      SeeInvis .    r - +4 hand axe
rCold   . . .      Faith    .    (no shield)
rNeg    . . .      Spirit   .    b - +0 robe
rPois   .          Reflect  .    c - +0 hat
rElec   .          Harm     .    i - +0 cloak
rCorr   .          Rampage  .    (gloves unavailable)
Will    .....                    (boots unavailable)
Stlth   ++........               (no amulet)
HPRegen 0.23/turn                l - +6 ring of strength
MPRegen 0.12/turn                t - +4 ring of protection

@: no status effects
A: large, unfitting armour, tough skin 1
a: no special abilities


You were on level 7 of the Dungeon.
You visited 1 branch of the dungeon, and saw 7 of its levels.
You also visited: Sewer and Ossuary.

You collected 204 gold pieces.

Inventory:

Hand Weapons
 a - a +0 flail
 r - a +4 hand axe (weapon)
 B - the +0 sling "Ockim" {vorpal, rElec Will+}
   (You found it on level 5 of the Dungeon)

   Any ammunition fired from it inflicts extra damage upon your enemies.
   rElec:     It insulates you from electricity.
   Will:      It increases your willpower.
 H - the +3 falchion of the Lonely Ships {freeze, Will++ Stlth+}
   (You found it on level 6 of the Dungeon)

   It freezes those it strikes, dealing additional cold damage.
   It can also slow down cold-blooded creatures.
   Will:      It greatly increases your willpower.
   Stlth:     It makes you more stealthy.
Missiles
 d - 6 throwing nets (quivered)
 e - 5 large rocks
Armour
 b - a +0 robe (worn)
 c - a +0 hat (worn)
 i - a +0 cloak (worn)
Magical Staves
 C - a staff of death
 F - a staff of poison
Jewellery
 l - a +6 ring of strength (left hand)
 t - a +4 ring of protection (right hand)
Wands
 u - a wand of polymorph (7)
Scrolls
 f - 2 scrolls of fear
 h - 4 scrolls of identify
 n - a scroll of poison {unknown}
 o - 2 scrolls of noise
 p - a scroll of acquirement {unknown}
 s - 3 scrolls of teleportation {unknown}
 y - 5 scrolls of butterflies
 A - a scroll of blinking
 G - 2 scrolls of magic mapping {unknown}
Potions
 g - 2 potions of brilliance {unknown}
 j - 3 potions of heal wounds {unknown}
 k - a potion of curing {unknown}
 m - a potion of attraction {unknown}
 q - 2 potions of flight
 v - 2 potions of magic {unknown}
 w - 2 potions of cancellation {unknown}
 x - a potion of mutation {unknown}
 z - 3 potions of haste {unknown}
 D - a potion of might {unknown}
 E - a potion of lignification {unknown}
 I - a potion of degeneration {unknown}


   Skills:
 + Level 5.5 Fighting
 + Level 6.1(7.2) Axes
 + Level 5.1(6.3) Maces & Flails
 + Level 0.4 Ranged Weapons
 + Level 2.1 Throwing
 + Level 4.6 Dodging
 + Level 2.0 Stealth
 * Level 1.8 Spellcasting
 * Level 1.3 Transmutations
 * Level 1.4 Poison Magic


You had 4 spell levels left.
You knew the following spells:

 Your Spells              Type           Power      Damage    Failure   Level
a - Apportation           Tloc           0%         N/A       34%         1
b - Alistair's Intoxicat  Tmut/Pois      2%         N/A       99%         5

Your spell library contained the following spells:

 Spells                   Type           Power      Damage    Failure   Level


Dungeon Overview and Level Annotations

Branches:
Dungeon (7/15)              Sewer (visited)         Ossuary (visited)
 Temple: D:4-7

Altars:


Innate Abilities, Weirdness & Mutations

You are too large for most types of armour.
You have tough skin. (AC +1)


Message History

You hit the gnoll sergeant.
The gnoll sergeant is lightly wounded.
You hit the gnoll. You hit the gnoll but do no damage.
The gnoll hits you but does no damage. The gnoll closely misses you.
The gnoll sergeant closely misses you.
You closely miss the gnoll sergeant.
The gnoll sergeant is lightly wounded.
You completely miss the gnoll. You hit the gnoll but do no damage.
The gnoll barely misses you.
You completely miss the gnoll. You hit the gnoll. You hit the gnoll sergeant.
The gnoll barely misses you. The gnoll closely misses you.
You barely miss the gnoll. You hit the gnoll.
You kill the gnoll!
You hit the gnoll sergeant but do no damage.
The gnoll closely misses you. The gnoll sergeant barely misses you.
You barely miss the gnoll sergeant.
The gnoll sergeant is lightly wounded.
You hit the gnoll. You hit the gnoll but do no damage.
The gnoll hits you with a +0 whip.
* * * LOW HITPOINT WARNING * * *
The gnoll hits you but does no damage.
The gnoll sergeant hits you with a +1 trident of protection.
* * * LOW HITPOINT WARNING * * *
You hit the gnoll sergeant.
The gnoll sergeant is moderately wounded.
You hit the gnoll. x2; The gnoll hits you but does no damage.
The gnoll sergeant closely misses you. The gnoll closely misses you.
You hit the gnoll sergeant.
The gnoll sergeant is heavily wounded.
You barely miss the gnoll. You hit the gnoll. The gnoll closely misses you.
The gnoll hits you with a +0 club.
* * * LOW HITPOINT WARNING * * *
The gnoll sergeant hits you with a +1 trident of protection.
* * * LOW HITPOINT WARNING * * *
You hit the gnoll sergeant but do no damage.
The gnoll sergeant is heavily wounded.
You slash the gnoll! You hit the gnoll but do no damage.
The gnoll closely misses you. x2
The gnoll sergeant hits you with a +1 trident of protection.
You die...

.......
#....#
#....##
#. #<.#
#..##.##
#.....#
####..#
#.##
#@g#
#gg#
##ng.
.....
......#
.......
......#
......#


You could see a necrophage, a gnoll sergeant and 3 gnolls.

Vanquished Creatures
  5 black bears
  3 bullfrogs
  A scorpion (D:6)
  A howler monkey (D:2)
  3 centaur zombies (Ossuary)
  An orc priest (D:3)
  4 hounds
  An iguana (D:3)
  An orc wizard (D:3)
  6 mummies (Ossuary)
  Robin (D:3)
  10 gnolls
  8 adders
  9 river rats
  2 ufetubi (D:6)
  3 worms
  2 dart slugs (D:2)
  4 orcs
  20 ball pythons
  12 endoplasms
  4 giant cockroaches
  17 goblins
  7 hobgoblins
  8 jackals (D:4)
  A quokka (D:1)
  3 bats
  6 frilled lizards
  3 hobgoblin zombies (Ossuary)
  12 kobolds
  35 rats
193 creatures vanquished.

Notes
Turn   | Place    | Note
-------+----------+-------------------------------------------
     0 | D:1      | SunsangGolaxy the Ogre Gladiator began the quest for the
                  | Orb.
     0 | D:1      | Reached XP level 1. HP: 22/22 MP: 1/1
   413 | D:1      | Reached XP level 2. HP: 25/29 MP: 2/2
  1019 | D:2      | Reached XP level 3. HP: 24/36 MP: 3/3
  1439 | D:2      | Reached XP level 4. HP: 22/45 MP: 4/4
  2397 | D:3      | Reached XP level 5. HP: 12/53 MP: 5/5
  3182 | D:3      | Noticed Robin
  3195 | D:3      | Killed Robin
  3196 | D:3      | Reached XP level 6. HP: 19/62 MP: 6/6
  3884 | D:4      | Noticed a black bear
  3891 | D:4      | Killed a black bear
  3892 | D:4      | Reached skill level 1 in Axes
  3892 | D:4      | Reached skill level 5 in Maces & Flails
  3968 | D:4      | Reached skill level 1 in Stealth
  4178 | D:4      | Found a sand-covered staircase.
  4201 | Ossuary  | Entered an ossuary
  4363 | Ossuary  | Reached skill level 2 in Axes
  4367 | Ossuary  | Reached XP level 7. HP: 64/70 MP: 7/7
  4374 | Ossuary  | Reached skill level 3 in Axes
  4417 | Ossuary  | HP: 3/70 [mummy (12)]
  5172 | D:5      | Entered Level 5 of the Dungeon
  5261 | D:5      | Identified the +0 sling "Ockim" {vorpal, rElec Will+}
  5303 | D:5      | Reached skill level 4 in Axes
  5397 | D:5      | Found a glowing drain.
  5439 | Sewer    | Entered a sewer
  5494 | Sewer    | Reached XP level 8. HP: 68/79 MP: 8/8
  5683 | Sewer    | Reached skill level 5 in Fighting
  5855 | Sewer    | Reached skill level 5 in Axes
  5863 | Sewer    | Learned a level 1 spell: Apportation
  5869 | Sewer    | Learned a level 5 spell: Alistair's Intoxication
  6245 | D:5      | Reached skill level 1 in Spellcasting
  6245 | D:5      | Reached skill level 1 in Transmutations
  6245 | D:5      | Reached skill level 1 in Poison Magic
  6276 | D:6      | Reached skill level 6 in Axes
  6651 | D:6      | Identified the +3 falchion of the Lonely Ships {freeze,
                  | Will++ Stlth+}
  6731 | D:7      | Slain by a gnoll sergeant

Illustrated notes

Levels and vault maps discovered:
D:1:      minmay_arrival_shoal_huts, layout_basic, minmay_split_cup_small
D:2:      layout_basic
D:3:      layout_rooms, mrwooster_statue_mirror, uniq_robin
D:4:      layout_gridville, nicolae_ossuary_entry_ruins
D:5:      layout_layer_cave, portal_sewer_entry_c
D:6:      layout_cave_pools, tgw_sif, nicolae_kikubaaqudgha_miasma_corner,
          serial_gnoll_camp, gnoll_camp_mini_sergeant, gnoll_camp_medium_02,
          gnoll_camp_mini_loothouse, gnoll_camp_huts_basic,
          gnoll_camp_mini_doghouse, gnoll_camp_medium_01, uniq_menkaure
D:7:      layout_rooms, minmay_temple_entry_statues_fountains, serial_aquarium,
          aquarium_bridge_long_separate [aquarium_subvault_wall,
          aquarium_subvault_window, aquarium_subvault_bridge,
          aquarium_subvault_bridge, aquarium_subvault_bridge,
          aquarium_subvault_bridge], aquarium_window_1, aquarium_window_fake,
          aquarium_view_2d, aquarium_balcony_double_3,
          kennysheep_decorative_pillar

Skill      XL: |  1  2  3  4  5  6  7  8 |
---------------+-------------------------+-----
Maces & Flails | 3 4 5 |  5.1
Dodging        | 3 4 |  4.6
Fighting       | 3 4 5 |  5.5
Axes           | 2 4 6 |  6.1
Stealth        | 1 2 |  2.0
Spellcasting   | 1 |  1.8
Transmutations | 1 |  1.3
Poison Magic   | 1 |  1.4
Ranged Weapons | |  0.4
Throwing       | |  2.1

Action                   |  1- 3 |  4- 6 |  7- 9 || total
-------------------------+-------+-------+-------++-------
Melee: Flail             |    95 |    94 |       ||   189
       Punch             |     1 |     4 |     2 ||     7
       Hand axe          |       |    72 |   234 ||   306
 Fire: Sling             |       |       |    10 ||    10
Throw: Throwing net      |       |     1 |       ||     1
  Use: Scroll            |       |       |     5 ||     5
 Stab: Sleeping          |     2 |       |     1 ||     3
       Held in net/web   |       |     1 |       ||     1
Armor: Robe              |    60 |    77 |   126 ||   263
Dodge: Dodged            |    48 |    90 |   184 ||   322

Table legend: (Time is in decaauts)
 A = Elapsed time spent in this place.
 B = Non-inter-level travel time spent in this place.
 C = Inter-level travel time spent in this place.
 D = Time resting spent in this place.
 E = Time spent auto-exploring this place.
 F = Levels seen in this place.
 G = Mean time per level.
                   A        B        C        D        E       F      G
               +--------+--------+--------+--------+--------+-----+--------+
         Total |   6834 |   6681 |    153 |   1293 |   4135 |   9 |  759.3 |
       Dungeon |   5734 |   5581 |    153 |    840 |   3773 |   7 |  819.1 |
         Sewer |    553 |    553 |      0 |      0 |    360 |   1 |  553.0 |
       Ossuary |    546 |    546 |      0 |    453 |      2 |   1 |  546.0 |
               +--------+--------+--------+--------+--------+-----+--------+

Top non-repeatable levels by time:
     D:2: 1573 daAuts
     D:3: 1140 daAuts
     D:1: 1021 daAuts
     D:4: 949 daAuts
   Sewer: 553 daAuts
 Ossuary: 546 daAuts
     D:5: 527 daAuts
     D:6: 502 daAuts
     D:7: 18 daAuts
